 Dungeon Crawl Stone Soup version 0.20-a0-336-g7b05759 (webtiles) character file.

4681 Firecrotchwizard the Fighter (level 10, -7/74 HPs)
             Began as an Octopode Fighter on Dec 22, 2016.
             Was a Believer of Dithmenos.
             Mangled by a two-headed ogre
             ... wielding a +0 giant club
              (13 damage)
             ... on level 9 of the Dungeon.
             The game lasted 00:21:46 (7735 turns).

Firecrotchwizard the Fighter (Octopode Fighter)     Turns: 7735, Time: 00:21:48

Health: -7/74      AC:  2    Str: 21    XL:     10   Next: 44%
Magic:  11/11      EV: 16    Int: 10    God:    Dithmenos [**....]
Gold:   403        SH: 12    Dex: 15    Spells: 9/9 levels left

rFire  + . .     SeeInvis .     a - +0 long sword
rCold  x . .     Gourm    .     b - +1 shield
rNeg   . . .     Faith    .     m - +1 hat
rPois  .         Spirit   .     r - amulet of rage
rElec  .         Reflect  .     j - ring of fire
rCorr  .         Harm     .     o - ring of stealth
MR     .....                    D - ring of flight
Stlth  +++++++...               F - ring of stealth
                                (no ring)
                                (no ring)
                                (no ring)
                                (no ring)

@: mighty, wreathed by umbra
A: almost no armour, stealthy swim, amphibious, 8 rings, constrict 8, camouflage
1, gelatinous body 1
a: Shadow Step, Renounce Religion, Evoke Berserk Rage, Evoke Flight


You were on level 9 of the Dungeon.
You worshipped Dithmenos.
Dithmenos was pleased with you.
You were hungry.

You visited 1 branch of the dungeon, and saw 9 of its levels.

You collected 403 gold pieces.

Inventory:

Hand Weapons
 a - a +0 long sword (weapon)
 s - a +1 long sword of flaming
 x - a +0 dagger
 A - a +1 dagger
 B - a cursed -3 dagger
Missiles
 l - 2 javelins (quivered)
Armour
 b - a +1 shield (worn)
 m - a +1 hat (worn)
 p - a cursed +0 large shield
Jewellery
 j - a ring of fire (left tentacle)
 o - a ring of stealth (right tentacle)
 r - an amulet of rage (around mantle)
 v - an uncursed ring of wizardry {unknown}
 D - a ring of flight (on tentacle)
 F - a ring of stealth (on tentacle)
Wands
 z - a wand of confusion (24/48)
 E - a wand of polymorph (6/24)
Scrolls
 t - 2 scrolls of blinking
 w - 3 scrolls of identify
 y - a scroll of fog
 C - 3 scrolls of recharging
 G - 2 scrolls of enchant armour
 J - 3 scrolls of remove curse
 O - a scroll of teleportation
Potions
 f - 3 potions of lignification {unknown}
 g - a potion of berserk rage {unknown}
 h - a potion of cancellation {unknown}
 i - 2 potions of mutation {unknown}
 k - a potion of degeneration {unknown}
 q - a potion of agility {unknown}
 u - 2 potions of flight {unknown}
 H - 2 potions of invisibility {unknown}
 N - a potion of heal wounds {unknown}
Books
 I - a book of Changes

   Spells                             Type                      Level
   a - Beastly Appendage              Transmutation                1
   b - Sticks to Snakes               Transmutation                2
   c - Spider Form                    Transmutation/Poison         3
   d - Ice Form                       Ice/Transmutation            4
   e - Blade Hands                    Transmutation                5
 L - a book of Minor Magic

   Spells                             Type                      Level
   a - Magic Dart                     Conjuration                  1
   b - Blink                          Translocation                2
   c - Call Imp                       Summoning                    2
   d - Repel Missiles                 Charms/Air                   2
   e - Slow                           Hexes                        2
   f - Conjure Flame                  Conjuration/Fire             3
   g - Mephitic Cloud                 Conjuration/Poison/Air       3
 M - a book of Geomancy

   Spells                             Type                      Level
   a - Sandblast                      Earth                        1
   b - Passwall                       Transmutation/Earth          2
   c - Stone Arrow                    Conjuration/Earth            3
   d - Petrify                        Transmutation/Earth          4
   e - Lee's Rapid Deconstruction     Earth                        5
Comestibles
 d - 5 bread rations
 n - 4 meat rations
 K - a beef jerky
 P - 4 fruits


   Skills:
 * Level 9.0 Fighting
 * Level 8.9 Long Blades
 + Level 6.7 Dodging
 - Level 2.0 Stealth
 + Level 6.5 Shields
 + Level 2.6 Evocations


You had 9 spell levels left.
You didn't know any spells.

Dungeon Overview and Level Annotations

Branches:
Dungeon (9/15)             Temple (0/1) D:7
   Lair: D:8-11         Orc: D:9-12

Altars:
Dithmenos
Fedhas
Gozag
Hepliaklqana
Okawaru

Shops:
D:4 (   D:5 }[


Innate Abilities, Weirdness & Mutations

You cannot wear most types of armour.
You are very stealthy in the water. (Stealth+)
You are amphibious.
You can wear up to eight rings at the same time.
You can use your tentacles to constrict eight enemies at once.
Your skin changes colour to match your surroundings (Stealth+).
Your rubbery body absorbs attacks. (AC +1, EV +1)


Message History

There is an open door here.
There is an open door here.
There is a stone staircase leading down here.
You feel very mighty all of a sudden.
You block the two-headed ogre's attack. x2
You slice the two-headed ogre!!
The two-headed ogre is heavily wounded.
You hit the two-headed ogre. You squeeze the two-headed ogre.
The two-headed ogre is heavily wounded.
The two-headed ogre closely misses you.
You riposte.
You slash the two-headed ogre!
The two-headed ogre is severely wounded.
You block the two-headed ogre's attack.
You barely miss the two-headed ogre.
Your squeeze misses the two-headed ogre.
The two-headed ogre is severely wounded.
The two-headed ogre hits you with a giant club!
* * * LOW HITPOINT WARNING * * *
The two-headed ogre hits you with a giant club!
You die...

########## ######### #........#
........# +........# ....<...#
#........# ........# #........#
........# ##........# .)).....#
.##..(.....# ...)....###.#
#........# ........#...#
#.@......+ ..........#
###.O......# ........###
#..........# ######.##
#.#.>).....# #..# #.....######
#####.## #......)#### #......#
##.._...(...#
#.....>#####......####'## ###
#..........#............#######..


You could see a two-headed ogre.

Vanquished Creatures
  The ghost of HyperWalrus the Cleaver, a novice DDAr (D:7)
  Pikel (D:7)
  A troll (D:9)
  5 yaks (D:9)
  A water moccasin (D:6)
  A slave (D:7)
  A black bear (D:6)
  2 ice beasts
  A sky beast (D:5)
  An orc warrior (D:8)
  A phantom (D:9)
  A necrophage (D:8)
  5 ogres
  A centaur (D:7)
  4 bullfrogs
  3 scorpions
  8 wights
  A howler monkey (D:8)
  4 crimson imps (D:7)
  A quasit (D:6)
  A centaur zombie (D:7)
  5 orc wizards
  An orc priest (D:9)
  2 bullfrog skeletons
  A centaur skeleton (D:6)
  3 hounds
  An iguana (D:7)
  3 worker ants
  2 worker ant zombies (D:6)
  8 adders
  3 shadow imps
  An adder zombie (D:6)
  An adder skeleton (D:7)
  2 worms
  2 dart slugs
  4 leopard geckos
  13 orcs
  2 giant cockroaches
  5 goblins
  10 hobgoblins
  13 jackals
  3 quokkas
  A ball python (D:5)
  A bat (D:2)
  3 frilled lizards
  A jackal zombie (D:7)
  4 kobolds
  3 rats (D:1)
143 creatures vanquished.

Notes
Turn   | Place    | Note
-------+----------+-------------------------------------------
     0 | D:1      | Firecrotchwizard the Octopode Fighter began the quest for the Orb.
     0 | D:1      | Reached XP level 1. HP: 16/16 MP: 1/1
   284 | D:1      | Reached XP level 2. HP: 21/21 MP: 2/2
   697 | D:2      | Reached XP level 3. HP: 24/26 MP: 3/3
  1613 | D:3      | Noticed a killer bee
  1613 | D:3      | Noticed a killer bee
  1670 | D:3      | Reached XP level 4. HP: 32/32 MP: 4/4
  2061 | D:4      | Noticed an ogre
  2065 | D:4      | Killed an ogre
  2065 | D:4      | Reached skill level 4 in Fighting
  2065 | D:4      | Reached XP level 5. HP: 37/37 MP: 5/5
  2230 | D:4      | Found Ydihoax's Weapon Emporium.
  2252 | D:4      | Noticed an ogre
  2259 | D:4      | Killed an ogre
  2259 | D:4      | Reached XP level 6. HP: 30/44 MP: 6/6
  2780 | D:5      | Entered Level 5 of the Dungeon
  2792 | D:5      | Noticed a sky beast
  2792 | D:5      | Found a shadowy altar of Dithmenos.
  2811 | D:5      | Became a worshipper of Dithmenos the Shadowed
  2856 | D:5      | Killed a sky beast
  2856 | D:5      | Reached skill level 5 in Fighting
  2856 | D:5      | Reached XP level 7. HP: 38/50 MP: 7/7
  2878 | D:5      | Found Pits's Armour Emporium.
  3379 | D:5      | Reached skill level 5 in Long Blades
  3433 | D:5      | Found Qepsies's Gadget Shoppe.
  3478 | D:5      | Found an iron altar of Okawaru.
  3591 | D:5      | Found an opulent altar of Gozag.
  3592 | D:5      | Found a blossoming altar of Fedhas.
  3806 | D:6      | Reached * piety under Dithmenos
  3806 | D:6      | Reached XP level 8. HP: 29/57 MP: 8/8
  4059 | D:6      | Found a hazy altar of Hepliaklqana.
  4295 | D:6      | Reached skill level 6 in Fighting
  4402 | D:6      | Found a hazy altar of Hepliaklqana.
  4623 | D:6      | Reached skill level 5 in Dodging
  4623 | D:6      | Reached skill level 5 in Shields
  5094 | D:7      | Found a staircase to the Ecumenical Temple.
  5189 | D:7      | Noticed HyperWalrus's ghost (novice DDAr)
  5211 | D:7      | Killed HyperWalrus's ghost
  5211 | D:7      | Reached skill level 7 in Fighting
  5211 | D:7      | Reached XP level 9. HP: 21/64 MP: 9/9
  5747 | D:7      | Reached ** piety under Dithmenos
  5873 | D:7      | Noticed Pikel
  5885 | D:7      | Killed Pikel
  5885 | D:7      | Reached skill level 8 in Fighting
  6012 | D:8      | Reached skill level 1 in Stealth
  6143 | D:8      | Noticed a death yak
  6143 | D:8      | Noticed a death yak
  6144 | D:8      | Noticed a death yak
  6220 | D:8      | Noticed a death yak
  6220 | D:8      | Noticed a death yak
  6759 | D:9      | Reached XP level 10. HP: 42/73 MP: 10/10
  6939 | D:9      | Found a shadowy altar of Dithmenos.
  6962 | D:9      | Reached skill level 1 in Evocations
  7294 | D:9      | Reached skill level 9 in Fighting
  7694 | D:9      | Noticed a two-headed ogre
  7735 | D:9      | Mangled by a two-headed ogre

Vault maps used:
D:1:      mrwooster_arrival_statue_2
D:4:      first_bread, serial_shops, shop
D:5:      nicolae_overflow_crystal_walls, old_standard_altar, minitemple,
          serial_shops, kennysheep_little_box, shop
D:6:      lemuel_round_altar, basic_altar, st_stairs_4
D:7:      uniq_pikel
D:8:      dpeg_lair_monsters, grunt_livestock
D:9:      basic_altar

Skill      XL: |  1  2  3  4  5  6  7  8  9 10 |
---------------+-------------------------------+-----
Long Blades    | 3 4 5 7 8 |  8.9
Fighting       | 4 5 7 8 9 |  9.0
Shields        | 4 5 6 |  6.5
Dodging        | 4 5 6 |  6.7
Stealth        | 1 2 |  2.0
Evocations     | 2 |  2.6

Action                   |  1- 3 |  4- 6 |  7- 9 | 10-12 || total
-------------------------+-------+-------+-------+-------++-------
Melee: Long sword        |    63 |    43 |   252 |    95 ||   453
       Constrict         |    22 |    10 |    54 |     7 ||    93
       Tentacles         |    11 |    10 |    78 |    35 ||   134
Throw: Javelin           |       |     6 |       |     2 ||     8
  Use: Scroll            |       |     7 |     3 |       ||    10
       Potion            |       |       |     2 |     3 ||     5
 Stab: Sleeping          |     5 |     3 |    15 |     4 ||    27
       Distracted        |       |       |     2 |     1 ||     3
  Eat: Pizza             |     1 |       |       |       ||     1
       Beef jerky        |     1 |       |       |       ||     1
       Chunk             |       |     2 |     9 |     3 ||    14
       Bread ration      |       |       |     1 |       ||     1
Armor: Skin              |     5 |     8 |    10 |     1 ||    24
Dodge: Dodged            |    27 |    16 |   100 |    39 ||   182
Block: Shield            |    24 |    18 |   101 |    33 ||   176
       Rpst.: Long sword |     7 |     4 |    26 |    15 ||    52
